AoeStats
← KaLong

Nomad

507665731Analyzed
4v4 RM · 14d ago on Sep 19, 2026· 68m 51s· 8 players
Game mode
Random Map
Map size
231×231
Population
200
Speed
Normal
Resources
Standard
Victory
Conquest
Starting age
Dark Age
Ending age
Imperial Age
RankedLock teamsTeams togetherTeam positionsShared explorationLock speedFull tech treeHidden civsTurbo modeCheats
Victory
Defeat
🇨🇳 Vietnamese · China
1497
+15
🇫🇷 Italians · France
1457
+17
🇳🇿 Japanese · New Zealand
1452
+17
🇩🇪 Spanish · Germany
1433
+18
🇺🇸 Japanese · United States
1533
-19
🇮🇳 Persians · India
1462
-16
🇺🇸 Turks · United States
1459
-16
🇺🇸 Spanish · United States
1446
-16
arsenalchelsea2
6:23 Loom
12:39 Feudal Age
14:29 Double-Bit Axe
14:27 Horse Collar
20:04 Castle Age
18:25 Scale Barding Armor
18:16 Gold Mining
19:41 Bloodlines
20:59 Bow Saw
24:26 Husbandry
29:02 Chain Barding Armor
30:36 Stone Mining
32:54 Wheelbarrow
37:25 Imperial Age
35:40 Hand Cart
36:43 Gold Shaft Mining
38:22 Plate Barding Armor
37:10 Cavalier
38:31 Conscription
38:16 Town Watch
40:17 Forging
40:42 Fletching
40:30 Elite Skirmisher
40:39 Savar
42:16 Ballistics
42:56 Chemistry
43:09 Iron Casting
42:29 Bodkin Arrow
45:29 Padded Archer Armor
47:11 Light Cavalry
48:57 Hussar
54:23 Kamandaran
54:35 Crossbowman
60:06 Thumb Ring
62:04 Citadels
64:43 Caravan
68:00 Pikeman
BomBomB0
4:22 Loom
16:38 Feudal Age
21:03 Castle Age
19:12 Double-Bit Axe
19:07 Horse Collar
19:38 Stone Mining
29:00 Fletching
30:45 Bodkin Arrow
35:43 Medium Warships
41:35 Bow Saw
41:18 Gold Mining
53:45 Fishing Lines
56:14 Gillnets
57:31 Wheelbarrow
57:52 Town Watch
60:02 Gold Shaft Mining
63:14 Imperial Age
61:52 Hand Cart
63:02 Horse Collar
63:45 Ballistics
63:15 Guard Tower
64:19 Bracer
65:54 Two-Man Saw
65:33 Padded Archer Armor
66:35 Chemistry
65:22 Treadmill Crane
66:45 Leather Archer Armor
66:19 Elite Skirmisher
67:12 Masonry
68:33 Ring Archer Armor
KaLong
4:41 Loom
14:37 Feudal Age
18:19 Castle Age
16:25 Double-Bit Axe
17:22 Stone Mining
17:22 Gold Mining
34:05 Padded Archer Armor
37:32 Wheelbarrow
39:00 Horse Collar
43:41 Imperial Age
43:39 Leather Archer Armor
44:22 Sipahi
44:53 Fletching
44:24 Heavy Cavalry Archer
46:42 Parthian Tactics
46:22 Thumb Ring
46:13 Bodkin Arrow
46:55 Bracer
48:23 Ring Archer Armor
49:04 Bloodlines
50:37 Bombard Tower
51:27 Scale Barding Armor
51:32 Forging
51:38 Hand Cart
53:02 Ballistics
53:46 Husbandry
65:18 Heavy Plow
69:23 Chain Barding Armor
69:39 Iron Casting
倉木華
5:04 Loom
14:36 Feudal Age
20:29 Castle Age
19:13 Double-Bit Axe
19:09 Horse Collar
19:24 Stone Mining
24:14 Horse Collar
27:53 Wheelbarrow
28:21 Town Watch
29:21 Gold Mining
29:32 Heavy Plow
29:42 Bow Saw
31:36 Hand Cart
31:55 Fishing Lines
36:39 Imperial Age
35:30 Stone Shaft Mining
35:01 Scale Barding Armor
35:36 Padded Archer Armor
36:42 Chain Barding Armor
37:05 Forging
36:45 Cavalier
37:40 Bloodlines
37:31 Husbandry
38:08 Plate Barding Armor
37:57 Conscription
37:18 Elite Conquistador
38:52 Leather Archer Armor
39:16 Iron Casting
38:59 Leather Archer Armor
39:21 Iron Casting
39:47 Two-Man Saw
40:16 Ring Archer Armor
42:28 Blast Furnace
41:18 Fletching
45:57 Caravan
46:40 Ballistics
47:20 Chemistry
47:18 Light Cavalry
49:27 Supremacy
49:38 Masonry
51:18 Bodkin Arrow
58:04 Coinage
62:46 Elite Skirmisher
63:26 Bracer
63:34 Thumb Ring
The REAL Pepsiman
13:45 Feudal Age
18:10 Castle Age
17:58 Loom
21:14 Fletching
21:24 Padded Archer Armor
21:55 Bodkin Arrow
23:28 Wheelbarrow
24:03 Fishing Lines
26:04 Leather Archer Armor
30:01 Thumb Ring
33:53 Imperial Age
31:51 Ballistics
32:58 Double-Bit Axe
33:31 Stone Mining
34:07 Gold Mining
35:20 Conscription
36:04 Chemistry
34:58 Elite Genoese Crossbowman
36:48 Bracer
40:03 Ring Archer Armor
46:11 Stone Shaft Mining
53:23 Bow Saw
54:34 Caravan
55:06 Pirotechnia
58:37 Silk Road
62:05 Two-Man Saw
enzoyin68
5:39 Loom
15:06 Feudal Age
16:30 Stone Mining
19:06 Castle Age
17:11 Double-Bit Axe
17:38 Fletching
18:17 Fishing Lines
23:31 Wheelbarrow
23:25 Town Watch
24:01 Hand Cart
32:12 Gillnets
33:11 Horse Collar
38:38 Town Watch
42:57 Gold Mining
56:28 Imperial Age
54:32 Ballistics
54:34 Bodkin Arrow
54:40 Padded Archer Armor
56:45 Leather Archer Armor
57:14 Bracer
57:33 Scale Barding Armor
57:40 Forging
59:17 Paper Money
59:47 Chain Barding Armor
59:40 Husbandry
59:50 Bloodlines
60:06 Chatras
61:43 Chemistry
60:25 Treadmill Crane
61:24 Plate Barding Armor
61:26 Iron Casting
61:10 Thumb Ring
61:50 Bow Saw
61:19 Elite Battle Elephant
63:25 Ring Archer Armor
64:38 Two-Man Saw
68:15 Stone Shaft Mining
69:01 Coinage
68:44 Heavy Plow
Laljia
5:48 Loom
13:38 Feudal Age
17:55 Castle Age
16:03 Stone Mining
16:52 Padded Archer Armor
19:18 Leather Archer Armor
20:02 Horse Collar
24:35 Double-Bit Axe
26:00 Wheelbarrow
27:24 Bow Saw
27:40 Husbandry
27:52 Bloodlines
29:02 Gold Mining
30:09 Town Watch
30:31 Fletching
31:26 Stone Shaft Mining
31:31 Ballistics
31:55 Devotion
36:30 Imperial Age
34:01 Bodkin Arrow
36:21 Masonry
36:46 Hand Cart
38:02 Conscription
38:14 Town Patrol
38:35 Elite Conquistador
39:23 Pikeman
40:10 Scale Mail Armor
40:21 Forging
40:15 Squires
39:51 Halberdier
41:18 Chain Mail Armor
42:37 Ring Archer Armor
42:59 Iron Casting
43:19 Plate Mail Armor
45:31 Two-Man Saw
45:28 Supremacy
46:20 Blast Furnace
51:07 Hoardings
57:58 Architecture
57:24 Murder Holes
58:30 Chemistry
57:38 Bracer
59:57 Elite Skirmisher
61:15 Thumb Ring
62:53 Heavy Plow
66:57 Chemistry
67:57 Fortified Wall
68:19 Clinker Construction
69:12 Medium Warships
JayJayNico
7:35 Loom
14:35 Feudal Age
19:41 Castle Age
17:45 Fishing Lines
18:43 Town Watch
22:09 Fletching
23:17 Double-Bit Axe
27:25 Bow Saw
29:52 Horse Collar
38:46 Imperial Age
38:03 Wheelbarrow
37:51 Gold Mining
37:51 Stone Mining
38:33 Medium Warships
37:54 Pikeman
39:07 Scale Mail Armor
39:22 Gillnets
40:36 Chemistry
41:13 Chain Mail Armor
41:09 Forging
41:30 Hand Cart
43:00 Plate Mail Armor
42:36 Bodkin Arrow
44:25 Heavy Warships
45:56 Siege Engineers
48:36 Heavy Plow
50:14 Conscription
49:44 Halberdier
50:24 Squires
51:39 Iron Casting
52:43 Arson
52:31 Elite Samurai
55:57 Blast Furnace
54:58 Bracer
54:58 Padded Archer Armor
55:44 Ballistics
56:41 Masonry
57:19 Hoardings
56:49 Yasama
57:33 Elite Cannon Galleon
58:48 Treadmill Crane
58:59 Guard Tower
58:56 Arrowslits
59:16 Yasama
59:30 Thumb Ring
58:46 Elite Skirmisher
60:25 Leather Archer Armor
61:20 Two-Man Saw
63:55 Ring Archer Armor
63:50 Clinker Construction
65:05 Keep
64:20 Imperial Skirmisher
66:27 Kataparuto
68:49 Gold Shaft Mining
68:35 Murder Holes
Connection lost

Rejoining the realm…

Still unreachable

The connection could not be restored.

Session expired

The server has moved on; the page needs a fresh start.